 Dungeon Crawl Stone Soup version 0.29.0-11-gd7f09526c8 (webtiles) character file.

Game seed: 7658422154794822982

432 pacmanke6689 the Grave Robber (level 6, -4/43 HPs)
             Began as a Vampire Necromancer on Sept 6, 2022.
             Killed by divine providence
             ... invoked by an orc priest
              (14 damage)
             ... on level 4 of the Dungeon.
             The game lasted 00:14:53 (3353 turns).

pacmanke6689 the Grave Robber (Vampire Necromancer) Turns: 3353, Time: 00:14:55

Health: -4/43      AC:  5    Str:  7    XL:     6   Next: 67%
Magic:  6/11       EV: 13    Int: 19    God:
Gold:   63         SH:  0    Dex: 15    Spells: 4/12 levels left

rFire   + . .      SeeInvis +   e - +2 short sword
rCold   + . .      Faith    .   (no shield)
rNeg    . . .      Spirit   .   a - +1 robe
rPois   .          Reflect  .   (no helmet)
rElec   .          Harm     .   i - scarf {rC+ rF+}
rCorr   .          Rampage  .   j - +1 pair of gloves
Will    .....                   (no boots)
Stlth   +++.......              (no amulet)
HPRegen 0.34/turn               (no ring)
MPRegen 0.12/turn               (no ring)

@: mighty, healing quickly
A: alive, fangs 3, see invisible, vampiric 2
a: Exsanguinate


You were on level 4 of the Dungeon.
You visited 1 branch of the dungeon, and saw 4 of its levels.

You collected 133 gold pieces.
You spent 70 gold pieces at shops.

Inventory:

Hand Weapons
 e - a +2 short sword (weapon)
Armour
 a - a +1 robe (worn)
 i - a scarf of resistance (worn)
 j - a +1 pair of gloves (worn)
Jewellery
 o - a ring of protection from fire
Wands
 b - a wand of polymorph (17)
Scrolls
 f - 3 scrolls of teleportation
 k - a scroll of identify
 l - a scroll of enchant armour
 m - a scroll of vulnerability {unknown}
Potions
 c - a potion of heal wounds
 d - 2 potions of haste {unknown}
 h - 2 potions of curing
 n - a potion of ambrosia {unknown}


   Skills:
 + Level 1.0 Fighting
 + Level 2.8 Short Blades
 + Level 1.0 Throwing
 + Level 2.9 Dodging
 + Level 4.3 Stealth
 + Level 3.9 Spellcasting
 + Level 5.9 Necromancy


You had 4 spell levels left.
You knew the following spells:

 Your Spells              Type           Power      Damage    Failure   Level
a - Necrotise             Necr           100%       1d9       1%          1
b - Vampiric Draining     Necr           26%        2d7       3%          3
c - Animate Dead          Necr           26%        N/A       12%         4

Your spell library contained the following spells:

 Spells                   Type           Power      Damage    Failure   Level
 Sublimation of Blood     Necr           26%        N/A       1%          2
 Inner Flame              Hex/Fire       3%         N/A       38%         3
 Cause Fear               Hex            1%         N/A       80%         4
 Petrify                  Tmut/Erth      3%         N/A       80%         4
 Agony                    Necr           26%        N/A       32%         5
 Irradiate                Conj/Tmut      1%         3d12      98%         5
 Discord                  Hex            1%         N/A       100%        8


Dungeon Overview and Level Annotations

Branches:
Dungeon (4/15)
 Temple: D:4-7

Altars:
Cheibriados

Shops:
D:1 !   D:4 =

Annotations:
D:4 Dowan, Duvessa


Innate Abilities, Weirdness & Mutations

Your natural rate of healing is accelerated.
You have razor-sharp teeth.
You have supernaturally acute eyesight. (SInv)
You are afflicted with vampirism and can become a bat while bloodless.


Message History

You miss Dowan. You bite Dowan.
Dowan is moderately wounded.
Dowan barely misses you.
Your howler monkey skeleton hits Duvessa.
You closely miss Dowan.
Dowan is moderately wounded.
Duvessa hits you with a +0 short sword. Dowan hits you with a +0 dagger.
Your howler monkey skeleton hits Duvessa but does no damage.
You barely miss Dowan.
Dowan is moderately wounded.
Duvessa zaps a wand.
You resist with some effort. Dowan completely misses you.
Your howler monkey skeleton hits Duvessa but does no damage.
Casting: Necrotise (safe; 1% risk of failure)
Confirm with . or Enter, or press ? or * to list all spells.
Aiming: Necrotise (safe; 1% risk of failure)
Press: ? - help, Shift-Dir - straight line, f/p - Duvessa
Aim: Duvessa, wielding a +0 short sword, wearing a +0 scale mail and carrying a wand of polymorph (7) (lightly wounded, ally target, chance to affect: 70%) Duvessa struggles to resist.
Duvessa closely misses you.
The orc priest invokes the aid of Beogh against you.
Beogh smites you! Dowan hits you with a +0 dagger.
Your howler monkey skeleton completely misses Duvessa.
You feel very mighty all of a sudden. Duvessa closely misses you.
An orc priest comes into view. It is wielding a +0 falchion.
Dowan closely misses you.
Your howler monkey skeleton hits Duvessa.
You puncture Dowan!
Dowan is heavily wounded.
Duvessa hits you with a +0 short sword. Dowan casts a spell at you.
The puff of flame hits you but does no damage.
You resist.
Your howler monkey skeleton hits Duvessa but does no damage.
You hit Dowan.
Dowan is severely wounded.
Duvessa hits you with a +0 short sword!
* * * LOW HITPOINT WARNING * * *
The orc priest invokes the aid of Beogh against you.
Beogh smites you!
You die...

............................#
............................#
............................#
..................##.......##
..................##.......#
...........................#
##....###...####'###.......#
...##...e##.......#
.......@.##########
.....Ze..# .......o.#
.........+ .........#
.........# #####.##o# #. .#


You could see Duvessa (ally target), Dowan, 2 orc priests and a friendly howler
monkey skeleton.

Vanquished Creatures
  Sigmund (D:3)
  A howler monkey (D:4)
  A jelly (D:3)
  Jessica (D:3)
  Natasha (thrice) (D:3)
  2 adders (D:3)
  2 worms (D:2)
  3 dart slugs
  An orc (D:2)
  A ball python (D:2)
  5 bats
  14 endoplasms
  3 giant cockroaches
  4 goblins
  5 hobgoblins
  3 jackals (D:1)
  5 quokkas
  A frilled lizard (D:3)
  14 kobolds
  2 rats (D:1)
72 creatures vanquished.

Vanquished Creatures (collateral kills)
  An endoplasm (D:1)
  2 kobolds (D:3)
3 creatures vanquished.

Vanquished Creatures (others)
  11 toadstools (D:3)
11 creatures vanquished.

Grand Total: 86 creatures vanquished

Notes
Turn   | Place    | Note
-------+----------+-------------------------------------------
     0 | D:1      | pacmanke6689 the Vampire Necromancer began the quest for
                  | the Orb.
     0 | D:1      | Reached XP level 1. HP: 13/13 MP: 3/3
   209 | D:1      | Reached XP level 2. HP: 6/19 MP: 0/5
   763 | D:1      | Found Mis Oxol's Distillery.
   828 | D:1      | Bought a potion of might for 40 gold pieces
   828 | D:1      | Bought a potion of curing for 30 gold pieces
  1172 | D:2      | Found a faded altar of an unknown god.
  1184 | D:2      | Gained mutation: You are afflicted with vampirism and can
                  | become a bat while bloodless. [Vampire growth]
  1184 | D:2      | Reached XP level 3. HP: 24/24 MP: 2/7
  1253 | D:2      | Learned a level 3 spell: Vampiric Draining
  1652 | D:2      | Reached skill level 5 in Necromancy
  1778 | D:3      | Noticed Natasha
  1787 | D:3      | Killed Natasha
  1788 | D:3      | Reached skill level 1 in Throwing
  1788 | D:3      | Reached XP level 4. HP: 18/30 MP: 2/8
  1989 | D:3      | Reached skill level 1 in Short Blades
  2071 | D:3      | Learned a level 4 spell: Animate Dead
  2129 | D:3      | Identified a scroll of acquirement
  2129 | D:3      | Acquired a book of Hexes
  2272 | D:3      | Noticed Sigmund
  2288 | D:3      | Noticed Natasha
  2298 | D:3      | Killed Sigmund
  2299 | D:3      | Reached XP level 5. HP: 25/36 MP: 2/10
  2299 | D:3      | Reached XP level 6. HP: 29/42 MP: 2/11
  2312 | D:3      | Killed Natasha
  2604 | D:3      | Noticed Natasha
  2615 | D:3      | Killed Natasha
  2616 | D:3      | Reached skill level 1 in Fighting
  2781 | D:3      | Found a snail-covered altar of Cheibriados.
  2840 | D:3      | Noticed Jessica
  2867 | D:3      | Killed Jessica
  3278 | D:4      | Found Liadeah's Jewellery Emporium.
  3338 | D:4      | Noticed Dowan
  3339 | D:4      | Noticed Duvessa
  3353 | D:4      | Killed from afar by an orc priest

Illustrated notes

Levels and vault maps discovered:
D:1:      matt_arrival_los_fun, layout_loops_ring, serial_shops, shop
D:2:      layout_basic, basic_ecumenical_altar
D:3:      cheibrodos_fertilizer, layout_basic, general_overflow_altar,
          minmay_misc_feat_tower, uniq_jessica, uniq_natasha, uniq_sigmund
D:4:      layout_gridville, nemelex_spade_bored_becter, serial_shops, shop,
          nicolae_diamond_shop, shop, nicolae_take_the_stairs, uniq_duvessa

Skill      XL: |  1  2  3  4  5  6 |
---------------+-------------------+-----
Necromancy     | 5 |  5.9
Throwing       | 1 |  1.0
Spellcasting   | 3 |  3.9
Short Blades   | 2 |  2.8
Stealth        | 4 |  4.3
Fighting       | 1 |  1.0
Dodging        | |  2.9

Action                   |  1- 3 |  4- 6 || total
-------------------------+-------+-------++-------
Melee: Unarmed           |    10 |       ||    10
       Bite              |     6 |     5 ||    11
       Short sword       |    52 |    77 ||   129
Throw: Stone             |    14 |       ||    14
 Cast: Necrotise         |    54 |    40 ||    94
       Animate Dead      |       |     1 ||     1
       Vampiric Draining |       |     1 ||     1
  Use: Scroll            |     7 |     4 ||    11
       Potion            |     2 |     1 ||     3
 Stab: Sleeping          |     2 |     4 ||     6
Armor: Robe              |    20 |    14 ||    34
Dodge: Dodged            |    40 |    49 ||    89
